 Dungeon Crawl Stone Soup version 0.18-a0-1643-gb89d9db (webtiles) character file.

63 tabspammer the Skirmisher (level 3, -3/30 HPs)
             Began as a Demonspawn Wanderer on Mar 28, 2016.
             Slain by an adder (4 damage)
             ... on level 2 of the Dungeon.
             The game lasted 00:02:55 (1189 turns).

tabspammer the Skirmisher (Demonspawn Wanderer)     Turns: 1189, Time: 00:02:56

Health: -3/30      AC:  4    Str: 16    XL:     3   Next: 89%
Magic:  3/3        EV: 11    Int: 14    God:
Gold:   60         SH:  0    Dex: 13    Spells: 0 memorised, 2 levels left

rFire  . . .     SeeInvis .     a - +2 spear
rCold  . . .     Gourm    .     g - +0 leather armour
rNeg   . . .     Faith    .     (no shield)
rPois  .         Spirit   .     (no helmet)
rElec  .         Dismiss  .     (no cloak)
rCorr  .         Reflect  .     (no gloves)
SustAt .         Harm     .     (no boots)
MR     .....                    (no amulet)
Stlth  ++........               (no ring)
                                (no ring)

@: mighty, lethally poisoned (-3 -> -10), not resistant to hostile enchantments,
unstealthy
A: hooves 1, icy blue scales 1
a: no special abilities


You were on level 2 of the Dungeon.
You were not hungry.

You visited 1 branch of the dungeon, and saw 2 of its levels.

You collected 60 gold pieces.

Inventory:

Hand Weapons
 a - a +2 spear (weapon)
 d - a +0 dagger
Armour
 c - a +0 robe
 g - a +0 leather armour (worn)
Scrolls
 e - a scroll of enchant armour {unknown}
 h - a scroll of teleportation {unknown}
 i - a scroll of identify {unknown}
 j - a scroll of enchant weapon {unknown}
Comestibles
 f - a bread ration


   Skills:
 + Level 4.2 Fighting
   Level 1.0(1.1) Axes
 - Level 1.0(1.1) Polearms
 - Level 1.0 Armour
 - Level 2.6 Stealth
   Level 1.7 Shields


You had 2 spell levels left.
You didn't know any spells.

Dungeon Overview and Level Annotations

Branches:
Dungeon (2/15)

Altars:


Innate Abilities, Weirdness & Mutations

You have large cloven feet.
You are partially covered in icy blue scales (AC +1).


Message History

You feel sick. The adder misses you. The adder bites you.
* * * LOW HITPOINT WARNING * * *
You closely miss the adder. You kick the adder.
The adder is heavily wounded.
* * * LOW HITPOINT WARNING * * *
You feel sick. The adder barely misses you.
You barely miss the adder.
The adder is heavily wounded.
* * * LOW HITPOINT WARNING * * *
You feel sick. The adder barely misses you.
You barely miss the adder. You kick the adder.
The adder is almost dead.
* * * LOW HITPOINT WARNING * * *
You feel sick. The adder completely misses you.
The adder bites you but does no damage.
You miss the adder.
The adder is almost dead.
* * * LOW HITPOINT WARNING * * *
You feel sick. The adder bites you.
You die...

### ###.# #.. ..#.# #.#
#.#.# #.# #)#.# #.# #.#.# #
#.####.#######.#.#.####
#(..........##l#.......
##########.####.@Sl........
..(....()..# #.##.###.####
##########.# #.##.# #.#
#†##.# #.# #.##.# # #.#
#.##.# # ... ...>.# # ###
###### .


You could see an adder, a giant gecko and a giant newt.

Vanquished Creatures
  Terence (D:2)
  An ooze (D:2)
  A giant gecko (D:2)
  2 giant cockroaches (D:1)
  4 goblins
  4 hobgoblins (D:1)
  5 kobolds
  A quokka (D:2)
  5 bats
  2 giant newts (D:1)
  5 rats
31 creatures vanquished.

Notes
Turn   | Place    | Note
--------------------------------------------------------------
     0 | D:1      | tabspammer the Demonspawn Wanderer began the quest for the Orb.
     0 | D:1      | tabspammer set off with: a +2 spear, 2 potions of lignification, a +0 robe, a +0 dagger, a bread ration
     0 | D:1      | Reached XP level 1. HP: 16/16 MP: 1/1
   469 | D:1      | Gained mutation: You are partially covered in icy blue scales (AC +1). [demonic ancestry]
   469 | D:1      | Reached XP level 2. HP: 18/23 MP: 2/2
   514 | D:1      | Reached skill level 3 in Fighting
  1028 | D:2      | Noticed Terence
  1063 | D:2      | Killed Terence
  1063 | D:2      | Reached skill level 4 in Fighting
  1063 | D:2      | Gained mutation: You have large cloven feet. [demonic ancestry]
  1063 | D:2      | Reached XP level 3. HP: 30/30 MP: 3/3
  1189 | D:2      | HP: 1/30 [poisoned by an adder]
  1189 | D:2      | Slain by an adder

Vault maps used:
D:1:      minmay_arrival_loop, corexii_corridor_pit
D:2:      ashenzari_altar_1, first_bread, hangedman_decor_slide_cut, uniq_iyjb,
          uniq_terence

Skill      XL: |  1  2 |
---------------+-------+-----
Fighting       | 4 |  4.2
Axes           | |  1.0
Polearms       | |  1.0
Armour         | |  1.0
Stealth        | |  2.6
Shields        | |  1.7

Action                   || total
-------------------------++-------
Melee: Spear             ||   124
  Use: Potion            ||     3
 Stab: Sleeping          ||     3
  Eat: Chunk             ||     1
